 Dungeon Crawl Stone Soup version 0.30-a0-1160-g6e42c06551 (webtiles) character file.

Game seed: 9042308134222731084

23 Ahpoh the Slasher (level 2, -2/24 HPs)
             Began as a Vine Stalker Berserker on Apr 26, 2023.
             Was a Follower of Trog.
             Succumbed to a goblin's poison
             ... on level 2 of the Dungeon.
             The game lasted 00:02:05 (944 turns).

Ahpoh the Slasher (Vine Stalker Berserker)           Turns: 944, Time: 00:02:06

Health: -2/24      AC:  5    Str: 19    XL:     2   Next: 95%
Magic:  2/3        EV: 11    Int:  7    God:    Trog [*.....]
Gold:   57         SH:  0    Dex: 13    Spells: 1/1 levels left

rFire   . . .        a - +0 falchion
rCold   . . .        (no shield)
rNeg    . . .        c - +0 ring mail
rPois   .            (no helmet)
rElec   .            (no cloak)
rCorr   .            (no gloves)
SInv    .            (no boots)
Will    .....        (no amulet) Stlth
                     (no ring)
HPRegen 0.24/turn    (no ring)
MPRegen 0.08/turn

%: guardian spirit
@: berserking, lethally poisoned (-2 -> -27), very quick
A: fangs 2, magic shield, antimagic bite, no potion heal 2
a: Renounce Religion, Berserk


You were on level 2 of the Dungeon.
You worshipped Trog.
Trog was aware of your devotion.
You visited 1 branch of the dungeon, and saw 2 of its levels.

You collected 57 gold pieces.

Inventory:

Hand Weapons
 a - a +0 falchion (weapon)
Armour
 c - a +0 ring mail (worn)
Potions
 b - a potion of cancellation {unknown}


   Skills:
 + Level 3.0 Fighting
 + Level 3.1 Long Blades
 + Level 1.7 Armour
 + Level 1.7 Dodging


You had one spell level left.
You didn't know any spells.
Your spell library was empty.

Dungeon Overview and Level Annotations

Branches:
Dungeon (2/15)

Altars:

Shops:
D:1 :!


Innate Abilities, Weirdness & Mutations

You have extremely sharp teeth.
When hurt, damage is shared between your health and your magic reserves.
Your bite disrupts and absorbs the magic of your enemies.
Potions cannot restore your health.


Message History

Done exploring.
Done exploring.
Done exploring.
There is an escape hatch in the floor here.
You slide downwards.
The hatch slams shut behind you.
The goblin shouts!
The frilled lizard hisses angrily.
Found a stone staircase leading up.
You barely miss the frilled lizard. Your bite misses the frilled lizard.
The frilled lizard bites you but does no damage.
You barely miss the frilled lizard. Your bite misses the frilled lizard.
The frilled lizard closely misses you.
You slash the frilled lizard!
You kill the frilled lizard!
Trog accepts your kill.
You hit the goblin.
The goblin is severely wounded.
The goblin barely misses you.
You barely miss the goblin.
The goblin is severely wounded.
The goblin closely misses you.
You closely miss the goblin.
The goblin is severely wounded.
The goblin hits you with a +2 dagger of venom.
You are poisoned.
You closely miss the goblin.
The goblin is severely wounded.
You feel very sick.
The goblin hits you with a +2 dagger of venom.
You are lethally poisoned!
The goblin hits you with a +2 dagger of venom.
You are more poisoned.
A red film seems to cover your vision as you go berserk!
You feel yourself moving faster!
You feel mighty!
* * * LOW HITPOINT WARNING * * *
You feel extremely sick. The goblin barely misses you.
You slash the goblin!
You kill the goblin!
Trog accepts your kill.
You die...

#.......#
#.......#
#.......#
#.......#
#.......#
#.......#
#S#
#)##.####
#@....<..
####.####
#


You could see a ball python.

Vanquished Creatures
  4 bats (D:1)
  3 endoplasms (D:1)
  4 goblins
  A hobgoblin (D:1)
  A quokka (D:1)
  2 ball pythons (D:1)
  5 frilled lizards
  2 kobolds (D:1)
  A rat (D:1)
23 creatures vanquished.

Notes
Turn   | Place    | Note
-------+----------+-------------------------------------------
     0 | D:1      | Ahpoh the Vine Stalker Berserker began the quest for the
                  | Orb.
     0 | D:1      | Reached XP level 1. HP: 11/11 MP: 2/2
   293 | D:1      | Reached XP level 2. HP: 14/16 MP: 3/3
   368 | D:1      | Found Cidoryale's Book Shoppe.
   717 | D:1      | Found Ahiemn's Distillery.
   944 | D:2      | Succumbed to a goblin's poison

Illustrated notes

Levels and vault maps discovered:
D:1:      nicolae_arrival_somewhat_less_tricky_arrival, layout_loops_ring,
          serial_shops, nicolae_shop_advertising_works
          [nicolae_subvault_shop_adworks], shop_statue,
          ebering_dispersal_statue_hall, st_stairs_10, dk_noncrumbling_3
D:2:      layout_loops_cross, ebering_ecumenical_altar_petrified

Skill      XL: |  1  2 |
---------------+-------+-----
Long Blades    | 3 |  3.1
Fighting       | 3 |  3.0
Armour         | |  1.7
Dodging        | |  1.7

Action                     || total
---------------------------++-------
  Melee: Falchion          ||    54
         Bite              ||     8
 Invoke: Berserk           ||     1
 Armour: Ring mail         ||    43
  Dodge: Dodged            ||    73

Table legend: (Time is in decaauts)
 A = Elapsed time spent in this place.
 B = Non-inter-level travel time spent in this place.
 C = Inter-level travel time spent in this place.
 D = Time resting spent in this place.
 E = Time spent auto-exploring this place.
 F = Levels seen in this place.
 G = Mean time per level.
                   A        B        C        D        E       F      G
               +--------+--------+--------+--------+--------+-----+--------+
         Total |    952 |    939 |     13 |      0 |    676 |   2 |  476.0 |
       Dungeon |    952 |    939 |     13 |      0 |    676 |   2 |  476.0 |
               +--------+--------+--------+--------+--------+-----+--------+

Top non-repeatable levels by time:
     D:1: 939 daAuts
     D:2: 12 daAuts
